 Dungeon Crawl Stone Soup version 0.20.1-2-g1830e616b0 (webtiles) character file.

133 Alfie the Shooter (level 4, -1/38 HPs)
             Began as a Minotaur Hunter on Feb 5, 2020.
             Killed by divine providence
             ... invoked by an orc priest
              (18 damage)
             ... on level 3 of the Dungeon.
             The game lasted 00:06:17 (1973 turns).

Alfie the Shooter (Minotaur Hunter)                 Turns: 1973, Time: 00:06:18

Health: -1/38      AC:  3    Str: 18    XL:     4   Next: 94%
Magic:  3/3        EV: 12    Int:  8    God:
Gold:   194        SH:  0    Dex: 10    Spells: 3/3 levels left

rFire    . . .     SeeInvis .   a - +1 shortbow
rCold    . . .     Gourm    .   (shield currently unavailable)
rNeg     . . .     Faith    .   c - +0 leather armour
rPois    .         Spirit   .   (helmet restricted)
rElec    .         Reflect  .   (no cloak)
rCorr    .         Harm     +   (no gloves)
MR       .....                  (no boots)
Stlth    +.........             r - amulet of harm
Regen    0.2/turn               (no ring)
MPRegen  0.1/turn               (no ring)

@: no status effects
A: retaliatory headbutt, horns 2
a: no special abilities


You were on level 3 of the Dungeon.
You were not hungry.

You visited 1 branch of the dungeon, and saw 3 of its levels.

You collected 194 gold pieces.

Inventory:

Hand Weapons
 a - a +1 shortbow (weapon)
 b - a +0 short sword
 j - a +4 mace
Missiles
 d - 34 arrows (quivered)
 h - 2 poisoned needles
Armour
 c - a +0 leather armour (worn)
Jewellery
 r - an amulet of harm (around neck)
Scrolls
 q - a scroll of remove curse
Potions
 e - a potion of agility {unknown}
 g - a potion of degeneration {unknown}
 i - a potion of mutation {unknown}
 o - a potion of invisibility {unknown}
Comestibles
 f - 2 bread rations
 l - 4 fruits
 n - a meat ration


   Skills:
 + Level 3.0 Fighting
 + Level 0.2 Short Blades
 + Level 1.3 Maces & Flails
 + Level 5.8 Bows
 + Level 1.9 Armour
 + Level 2.6 Dodging
 + Level 1.0 Stealth


You had 3 spell levels left.
You didn't know any spells.

Dungeon Overview and Level Annotations

Branches:
Dungeon (3/15)

Altars:
Okawaru


Innate Abilities, Weirdness & Mutations

You reflexively headbutt those who attack you in melee.
You have a pair of horns on your head.


Message History

You kill the orc!
Firing (i - inventory):
d - 37 arrows (quivered)
Press: ? - help, Shift-Dir - straight line, f - orc priest
Aim: an orc priest, wielding a short sword You shoot an arrow.
The arrow hits the orc priest.
The orc priest is lightly wounded.
The orc priest misses you.
Firing (i - inventory):
d - 36 arrows (quivered)
Press: ? - help, Shift-Dir - straight line, f/p - orc priest
Aim: an orc priest, wielding a short sword (lightly wounded)
You shoot an arrow. The arrow barely misses the orc priest.
The orc priest hits you but does no damage.
Firing (i - inventory):
d - 35 arrows (quivered)
Press: ? - help, Shift-Dir - straight line, f/p - orc priest
Aim: an orc priest, wielding a short sword (lightly wounded)
You shoot an arrow. The arrow hits the orc priest.
The orc priest is heavily wounded.
The orc priest calls down the wrath of Beogh upon you.
Beogh smites you!
You die...

.. #.# .# #######.## .
.......... #.
#######.##
.#.##.############.##
>....................
#.####............##
#.###.####.############
.......@o(....(...
..(...###>........
#.### #..(......
#.(.(.(... #(........
#.......(. #....(....
#(....... #.....().


You could see an orc priest.

Vanquished Creatures
  An orc priest (D:3)
  2 adders
  2 oozes
  2 dart slugs
  6 leopard geckos
  3 orcs (D:3)
  A ball python (D:1)
  3 giant cockroaches
  12 goblins
  5 hobgoblins
  3 jackals (D:1)
  5 bats
  3 frilled lizards
  11 kobolds
  3 rats
62 creatures vanquished.

Notes
Turn   | Place    | Note
-------+----------+-------------------------------------------
     0 | D:1      | Alfie the Minotaur Hunter began the quest for the Orb.
     0 | D:1      | Reached XP level 1. HP: 18/18 MP: 0/0
   238 | D:1      | Reached XP level 2. HP: 21/25 MP: 1/1
   248 | D:1      | Found an iron altar of Okawaru.
   365 | D:1      | Reached skill level 5 in Bows
   593 | D:1      | Reached XP level 3. HP: 30/30 MP: 2/2
  1140 | D:2      | Reached skill level 1 in Armour
  1287 | D:2      | Reached XP level 4. HP: 37/37 MP: 3/3
  1561 | D:2      | Reached skill level 1 in Stealth
  1946 | D:3      | Reached skill level 1 in Maces & Flails
  1973 | D:3      | Killed from afar by an orc priest

Skill      XL: |  1  2  3  4 |
---------------+-------------+-----
Bows           | 5 |  5.8
Armour         | 1 |  1.9
Stealth        | 1 |  1.0
Maces & Flails | 1 |  1.3
Fighting       | 3 |  3.0
Short Blades   | |  0.2
Dodging        | |  2.6

Action                   |  1- 3 |  4- 6 || total
-------------------------+-------+-------++-------
Melee: Short sword       |    27 |       ||    27
       Headbutt          |     5 |     1 ||     6
       Mace              |    30 |    13 ||    43
 Fire: Shortbow          |    52 |    41 ||    93
  Use: Scroll            |     3 |     4 ||     7
 Stab: Distracted        |       |     1 ||     1
  Eat: Fruit             |     1 |       ||     1
       Royal jelly       |       |     1 ||     1
Armor: Leather armour    |    27 |    13 ||    40
Dodge: Dodged            |    51 |    19 ||    70
